 Dungeon Crawl Stone Soup version 0.30-a0-715-gdb4ae3ece1 (webtiles) character file.

Game seed: 14819175753282248446

89468 drugrobin the Brawler (level 15, -2/136 HPs)
             Began as a Demigod Delver on Jan 23, 2023.
             Slain by Arachne
             ... wielding a staff of poison
              (5 damage)
             ... on level 1 of the Spider Nest.
             The game lasted 01:27:16 (28515 turns).

drugrobin the Brawler (Demigod Delver)             Turns: 28515, Time: 01:27:16

Health: -2/136     AC: 20    Str: 20 (21) XL:     15   Next: 9%
Magic:  29/35      EV: 10    Int: 19 (20) God:
Gold:   309        SH:  5    Dex: 18 (19) Spells: 16/24 levels left

rFire   x . .      SeeInvis .      - Unarmed
rCold   + + +      Faith    .    (shield currently unavailable)
rNeg    + . .      Spirit   .    H - +0 ice dragon scales
rPois   +          Reflect  +    G - +1 hat
rElec   .          Harm     .    X - +1 cloak {Stlth+}
rCorr   .          Rampage  .    (gloves currently unavailable)
Will    +....                    y - +3 pair of mountain boots {steadfast, rC+}
Stlth   ++                       L - amulet of reflection
HPRegen 0.42/turn                J - +4 ring of protection
MPRegen 0.24/turn                A - ring "Hidghidghe" {rPois rN+ MP+9}

@: mighty, lethally poisoned (-2 -> -13), blade hands
A: high MP 1, forlorn, divine attributes
a: End Transformation


You were on level 1 of the Spider Nest.
You had blades for hands.
You visited 5 branches of the dungeon, and saw 21 of its levels.
You also visited: Ice Cave and Volcano.

You collected 2715 gold pieces.
You spent 2406 gold pieces at shops.

Inventory:

Hand Weapons
 b - a +2 heavy sling
 c - a +1 dagger of venom
Missiles
 k - 5 poisoned darts (quivered)
 Q - 3 curare-tipped darts
Armour
 j - +0 acid dragon scales
 n - an orb of wrath
 y - the +3 pair of mountain boots (worn) {steadfast, rC+}
   (You bought it in a shop on level 2 of the Orcish Mines)

   Steadfast: It prevents involuntary movement, except for blinking,
   teleportation, or banishment.
   rC:        It protects you from cold.
 E - a +0 buckler (melded)
 G - a +1 hat (worn)
 H - +0 ice dragon scales (worn)
 N - a scarf of resistance
 P - a +0 troll leather armour
 V - a +1 pair of gloves of stealth (melded)
 W - an orb of mayhem
 X - a +1 cloak of stealth (worn)
Jewellery
 q - a ring of fire
 A - the ring "Hidghidghe" (right blade hand) {rPois rN+ MP+9}
   (You found it on level 2 of the Lair of Beasts)

   [ring of positive energy]

   rPois:     It protects you from poison.
   rN:        It protects you from negative energy.
   MP:        It affects your magic capacity (+9).
 B - a +4 ring of slaying
 J - a +4 ring of protection (left blade hand)
 L - an amulet of reflection (around neck)
 M - a ring of willpower
 T - a ring of positive energy
Wands
 a - a wand of polymorph (4)
 e - a wand of mindburst (6)
 o - a wand of charming (4)
 x - a wand of flame (21)
 D - a wand of acid (4)
Scrolls
 d - 9 scrolls of teleportation
 h - 7 scrolls of magic mapping
 i - 4 scrolls of fog
 l - a scroll of immolation {unknown}
 r - a scroll of silence {unknown}
 t - 2 scrolls of blinking
 C - 4 scrolls of poison
 F - 2 scrolls of enchant armour {unknown}
 K - 2 scrolls of vulnerability
 R - a scroll of enchant weapon
Potions
 m - 7 potions of curing
 p - a potion of brilliance
 s - 3 potions of invisibility
 u - 3 potions of lignification
 v - 2 potions of flight
 w - a potion of ambrosia
 z - 2 potions of attraction
 I - 4 potions of haste
 O - 3 potions of might
Miscellaneous
 f - a phantom mirror


   Skills:
 + Level 13.2 Fighting
 - Level 1.8 Dodging
 - Level 4.5 Stealth
 - Level 20.0 Unarmed Combat
 - Level 5.0 Spellcasting
 - Level 8.0 Transmutations


You had 16 spell levels left.
You knew the following spells:

 Your Spells              Type           Power      Damage    Failure   Level
a - Blade Hands           Tmut           17%        N/A       83%         5
b - Beastly Appendage     Tmut           70%        N/A       21%         1
c - Wereblood             Tmut           35%        N/A       24%         2

Your spell library contained the following spells:

 Spells                   Type           Power      Damage    Failure   Level
 Spider Form              Tmut/Pois      19%        N/A       69%         3
 Foxfire                  Conj/Fire      16%        2x1d4     83%         1
 Lesser Beckoning         Tloc           8%         N/A       90%         2
 Sublimation of Blood     Necr           4%         N/A       90%         2
 Petrify                  Tmut/Erth      19%        N/A       94%         4
 Gell's Gravitas          Tloc           4%         N/A       98%         3
 Kindle Blastsparks       Fire/Tloc/Air  8%         2d10      98%         3
 Teleport Other           Tloc           4%         N/A       98%         3
 Irradiate                Conj/Tmut      9%         3d14      99%         5
 Yara's Violent Unravell  Hex/Tmut       9%         3d6       99%         5
 Animate Armour           Summ/Erth      8%         N/A       100%        4
 Fulminant Prism          Conj/Hex       2%         3d5       100%        4
 Iskenderun's Mystic Bla  Conj/Tloc      4%         2d3       100%        4
 Fireball                 Conj/Fire      2%         3d4       100%        5
 Lee's Rapid Deconstruct  Erth           2%         3d4*      100%        5
 Iron Shot                Conj/Erth      2%         9d2       100%        6
 Starburst                Conj/Fire      2%         6d3       100%        6
 Enfeeble                 Hex            2%         N/A       100%        7


Dungeon Overview and Level Annotations

Branches:
Dungeon (11/15)            Temple (0/1) D:5            Lair (5/5) D:8
 Shoals (0/4) Lair:2       Spider (2/4) Lair:2        Slime (0/5) Lair:5
    Orc (2/2) D:11            Elf (1/3) Orc:2         IceCv (visited)
Volcano (visited)

Shops:
D:6 *   Orc:2 [([*[

Annotations:
Lair:3 1 transporter
Spider:1 Arachne
Spider:2 Donald
Orc:2 exclusion: downstairs


Innate Abilities, Weirdness & Mutations

You have blades for hands.
Your spellcasting is less reliable in this form.
You are incapable of wielding weapons or throwing items.
You have an increased reservoir of magic. (+10% MP)
You shall have no god before yourself.
Your divine heritage dramatically boosts your attributes as you level up.


Message History

Unknown command.
Unknown command.
You shred Arachne!!!
Arachne is severely wounded.
Arachne casts a spell at you. The poison arrow hits you!
You are more poisoned.
You partially resist.
* * * LOW HITPOINT WARNING * * *
Unknown command.
Unknown command.
Unknown command.
Unknown command.
Unknown command.
Unknown command.
Unknown command.
Unknown command.
Unknown command.
You barely miss Arachne.
Arachne is severely wounded.
* * * LOW HITPOINT WARNING * * *
You feel very sick.
Arachne hits you with a staff of poison.
* * * LOW HITPOINT WARNING * * *
Arachne envenoms you.
* * * LOW HITPOINT WARNING * * *
You are more poisoned.
Unknown command.
Slash: -) Blade hands
Press: ? - help, Dir - move target, f - Arachne
Aim: Arachne, wielding a staff of poison (severely wounded, about 14% to evade your blade hands)
Okay, then.
Unknown command.
Unknown command.
Unknown command.
You slice Arachne!! You slash Arachne!!
Arachne is almost dead.
* * * LOW HITPOINT WARNING * * *
You feel sick. Arachne hits you but does no damage. Arachne envenoms you.
You die...

# ###.....##.....##.##... #
##.##.##......#..#....#. #
##...#..^...#...>...#....
#########.........^.#.#>.#..##...
.....#.##.....#..#.>..#.###...#..
..#........#.#...#.##.#....#...##
......#.##.#.#...#.....#.†...#...
#..#.#......^..##H.......<.#..#(#
..#.......#.#.#.@.##...##...#.#..
.....#.#..##...^#...##....#.#...#
#.....#..#...#...##.#....##.#...#
.#..#..#....##...#....##.......#.
...#....#..###..#.#..###...#....#
..#.#..##### #.......# ######[#..
#.....## ##.##.### ####^
...####### ###### ## ).######.##


You could see Arachne.

Vanquished Creatures
  Kirke (Lair:5)
  A ghost moth (Spider:1)
  An orc warlord (Orc:1)
  A broodmother (Spider:1)
  A reaper (IceCv)
  Snorg (D:11)
  A fire dragon (Lair:5)
  3 hydras
  4 ogre magi (Orc:2)
  A catoblepas (Lair:2)
  A radroach (Spider:1)
  A boulder beetle (Spider:1)
  14 two-headed ogres
  5 death yaks
  Urug (D:11)
  2 deep elf knights (Elf:1)
  A hell knight (Volcano)
  A fire crab (Lair:5)
  A sun demon (Volcano)
  A pharaoh ant (Spider:1)
  4 orb spiders (Spider:1)
  2 deep elf archers (Elf:1)
  A glowing orange brain (D:8)
  2 orc sorcerers (Orc:1)
  2 deep elf pyromancers (Elf:1)
  5 wolf spiders (Spider:1)
  6 deep elf zephyrmancers (Elf:1)
  A steelbarb worm (Spider:1)
  3 ugly things
  A manticore (D:10)
  5 black mambas
  10 elephants
  2 ice statues (IceCv)
  4 molten gargoyles
  A gargoyle (D:5)
  2 demonic crawlers (Spider:1)
  13 cane toads
  A freezing wraith (IceCv)
  11 komodo dragons
  3 torpor snails
  An unseen horror (D:11)
  6 rime drakes
  A yaktaur (D:10)
  5 ice devils (IceCv)
  2 red devils (Volcano)
  2 polar bears (Lair:2)
  4 trolls
  A hornet (Lair:4)
  A wind drake (Lair:1)
  9 tarantellas
  Prince Ribbit (D:7)
  19 blink frogs
  11 jumping spiders
  6 culicivoras
  9 wyverns
  2 shadows
  3 air elementals
  7 hogs (Lair:5)
  3 fire bats
  8 basilisks
  17 yaks
  Eustachio (D:6)
  4 steam dragons
  Grum (D:11)
  5 vampire mosquitoes (D:11)
  A death yak simulacrum (IceCv)
  10 redbacks
  6 wargs
  A hydra simulacrum (IceCv)
  2 acid dragons
  17 water moccasins
  4 hell hounds (Lair:5)
  16 orc warriors
  A sky beast (D:6)
  3 black bears
  6 wolves
  24 ogres
  4 centaurs
  2 kobold brigands
  4 phantoms
  2 necrophages
  6 bullfrogs
  2 gnoll sergeants
  3 scorpions
  2 two-headed ogre simulacra (IceCv)
  2 cane toad simulacra (IceCv)
  7 wights
  23 killer bees
  An elephant simulacrum (IceCv)
  An electric eel (Lair:1)
  2 howler monkeys
  9 lava snakes
  9 orc priests
  4 hounds (D:5)
  3 jellies
  Jessica (D:2)
  4 iguanas
  17 orc wizards
  2 troll simulacra (IceCv)
  3 polar bear simulacra (IceCv)
  Robin (D:4)
  19 gnolls
  8 adders
  2 naga simulacra (IceCv)
  8 white imps
  6 ufetubi
  3 dart slugs (D:3)
  41 orcs
  4 ball pythons (D:4)
  2 bats
  6 endoplasms
  3 giant cockroaches
  12 goblins
  8 hobgoblins
  7 jackals (D:3)
  9 kobolds
  3 quokkas
  5 frilled lizards
  5 rats
607 creatures vanquished.

Vanquished Creatures (others)
  A sky beast (D:8)
  23 fungi
  39 plants
63 creatures vanquished.

Grand Total: 670 creatures vanquished

Notes
Turn   | Place    | Note
-------+----------+-------------------------------------------
     0 | D:5      | drugrobin the Demigod Delver began the quest for the Orb.
     0 | D:5      | Reached XP level 1. HP: 18/18 MP: 3/3
    33 | D:5      | Noticed a scorpion
    76 | D:5      | Noticed a hound
   335 | D:4      | Noticed a phantom
   364 | D:5      | Noticed a howler monkey
   397 | D:5      | Noticed a hound
   432 | D:5      | Noticed a scorpion
   457 | D:5      | Killed a hound
   458 | D:5      | Reached skill level 3 in Unarmed Combat
   458 | D:5      | Reached XP level 2. HP: 19/25 MP: 4/4
   458 | D:5      | Reached XP level 3. HP: 23/30 MP: 5/5
   516 | D:5      | Killed a scorpion
   517 | D:5      | Reached skill level 4 in Unarmed Combat
   517 | D:5      | Reached XP level 4. HP: 17/37 MP: 6/6
   585 | D:5      | Found a staircase to the Ecumenical Temple.
  1003 | D:4      | Noticed a black bear
  1219 | D:3      | Reached XP level 5. HP: 37/42 MP: 7/7
  1226 | D:3      | Reached skill level 5 in Unarmed Combat
  2779 | D:2      | Noticed Jessica
  2785 | D:2      | Killed Jessica
  3247 | D:3      | Reached skill level 6 in Unarmed Combat
  3247 | D:3      | Reached XP level 6. HP: 42/50 MP: 8/8
  3716 | D:4      | Identified the +0 helmet of Kysinoull {Will- Str+4 Dex+5}
  3716 | D:4      | Noticed Robin
  3739 | D:4      | Killed Robin
  4206 | D:4      | Reached skill level 7 in Unarmed Combat
  4213 | D:4      | Reached XP level 7. HP: 43/56 MP: 9/9
  4489 | D:5      | Noticed a two-headed ogre
  4568 | D:6      | Reached skill level 8 in Unarmed Combat
  5068 | D:6      | Reached skill level 9 in Unarmed Combat
  5086 | D:5      | Reached XP level 8. HP: 40/62 MP: 10/10
  5621 | D:6      | Noticed Eustachio
  5641 | D:6      | Killed Eustachio
  5642 | D:6      | Reached skill level 10 in Unarmed Combat
  5744 | D:6      | Found Lyvor's Assorted Antiques.
  6010 | D:5      | Noticed a gargoyle
  6185 | D:6      | Bought a fizzy ruby potion for 27 gold pieces
  6185 | D:6      | Bought a scroll labelled GACEYQI ROIL for 30 gold pieces
  6185 | D:6      | Bought a scroll labelled VAVVAXT WIKIE for 30 gold pieces
  6185 | D:6      | Bought an encrusted tourmaline ring for 150 gold pieces
  6185 | D:6      | Bought a scroll labelled KOALIX JEKHLEOMEMO for 30 gold
                  | pieces
  6225 | D:6      | Reached skill level 11 in Unarmed Combat
  6429 | D:7      | Noticed Prince Ribbit
  6439 | D:7      | Killed Prince Ribbit
  6580 | D:7      | Reached XP level 9. HP: 61/68 MP: 11/11
  6744 | D:7      | Identified the +1 ring mail of Ebyg {+Inv Fly}
  7194 | D:8      | Noticed a two-headed ogre
  7200 | D:8      | a two-headed ogre changed into a glowing orange brain
  7200 | D:8      | Noticed a glowing orange brain
  7253 | D:8      | Reached skill level 12 in Unarmed Combat
  7822 | D:8      | Identified a scroll of acquirement
  7934 | D:8      | Found a staircase to the Lair.
  8160 | D:8      | Reached skill level 13 in Unarmed Combat
  8805 | D:5      | Killed a two-headed ogre
  8974 | D:5      | Killed a gargoyle
  8975 | D:5      | Reached XP level 10. HP: 74/74 MP: 13/13
  9389 | D:9      | Reached skill level 14 in Unarmed Combat
  9417 | D:9      | Learned a level 5 spell: Blade Hands
  9670 | D:9      | Learned a level 1 spell: Beastly Appendage
  9673 | D:9      | Learned a level 2 spell: Wereblood
  9802 | D:9      | Reached skill level 1 in Transmutations
 10711 | D:10     | Entered Level 10 of the Dungeon
 10711 | D:10     | Noticed a manticore
 10716 | D:10     | Killed a manticore
 11434 | D:10     | Noticed a red ugly thing
 12017 | Lair:1   | Entered Level 1 of the Lair of Beasts
 12106 | Lair:1   | Noticed a death yak
 12106 | Lair:1   | Noticed a death yak
 12111 | Lair:1   | Noticed a death yak
 12111 | Lair:1   | Noticed a death yak
 12133 | Lair:1   | Killed a death yak
 12134 | Lair:1   | Reached skill level 15 in Unarmed Combat
 12134 | Lair:1   | Reached XP level 11. HP: 62/85 MP: 14/14
 12144 | Lair:1   | Killed a death yak
 12145 | Lair:1   | Reached skill level 5 in Fighting
 12207 | Lair:1   | Killed a death yak
 12258 | Lair:1   | Noticed a death yak
 12294 | D:8      | Killed a death yak
 12364 | Lair:1   | Killed a death yak
 12459 | Lair:1   | Found a frozen archway.
 12477 | Lair:1   | Reached skill level 5 in Transmutations
 12543 | IceCv    | Entered an ice cave
 13055 | IceCv    | Reached skill level 16 in Unarmed Combat
 13102 | IceCv    | Noticed a reaper
 13113 | IceCv    | Killed a reaper
 14127 | Lair:2   | Identified the ring "Hidghidghe" {rPois rN+ MP+9}
 14136 | Lair:2   | Noticed a catoblepas
 14157 | Lair:2   | Killed a catoblepas
 14158 | Lair:2   | Reached XP level 12. HP: 36/97 MP: 15/15
 14805 | Lair:2   | Noticed a seven-headed hydra
 14839 | Lair:2   | a seven-headed hydra changed into a dire elephant
 14839 | Lair:2   | Noticed a dire elephant
 15070 | Lair:2   | Found a hole to the Spider Nest.
 15326 | Lair:2   | Found a staircase to the Shoals.
 16328 | Lair:3   | Reached skill level 17 in Unarmed Combat
 16519 | Lair:3   | Found a transporter.
 17076 | Lair:4   | Noticed Sonja
 17091 | Lair:4   | Sonja changed into Sonja the warg
 17091 | Lair:4   | Noticed Sonja
 17097 | Lair:4   | Killed Sonja the warg
 17939 | Lair:5   | Entered Level 5 of the Lair of Beasts
 17961 | Lair:5   | Reached XP level 13. HP: 108/108 MP: 10/16
 18444 | Lair:1   | Acquired 643 gold pieces
 18973 | D:11     | Noticed Urug
 18986 | D:11     | Killed Urug
 18987 | D:11     | Reached skill level 18 in Unarmed Combat
 19100 | D:11     | Found a staircase to the Orcish Mines.
 19385 | D:11     | Noticed Snorg
 19511 | D:11     | Killed Snorg
 19856 | D:11     | Noticed Grum
 19863 | D:11     | Killed Grum
 19916 | Orc:1    | Entered Level 1 of the Orcish Mines
 20140 | Orc:1    | Noticed an orc warlord
 20184 | Orc:1    | Killed an orc warlord
 20552 | Orc:2    | Entered Level 2 of the Orcish Mines
 20671 | Orc:2    | Found a dark tunnel.
 20684 | Volcano  | Entered a volcano
 21412 | Orc:2    | Found a staircase to the Elven Halls.
 21425 | Orc:2    | Reached skill level 10 in Fighting
 21687 | Orc:2    | Found Ecyserur's Antique Armour Shoppe.
 21715 | Orc:2    | Bought a glowing hat for 224 gold pieces
 21715 | Orc:2    | Bought a pair of runed gloves for 240 gold pieces
 21715 | Orc:2    | Bought a glowing orb for 384 gold pieces
 21715 | Orc:2    | Bought a glowing cloak for 240 gold pieces
 22108 | Orc:1    | Reached skill level 19 in Unarmed Combat
 22328 | Orc:2    | Reached XP level 14. HP: 117/122 MP: 11/17
 22525 | Orc:2    | Found Detir's Weapon Shoppe.
 22525 | Orc:2    | Found Uczion's Antique Armour Shop.
 22526 | Orc:2    | Found Wios's General Store.
 22526 | Orc:2    | Found Qeetyxt's Antique Armour Shoppe.
 22549 | Orc:2    | Bought the +3 pair of mountain boots {steadfast, rC+} for
                  | 804 gold pieces
 22549 | Orc:2    | Found the +3 pair of mountain boots {steadfast, rC+}
 22563 | Orc:2    | Bought a scroll of teleportation for 45 gold pieces
 22563 | Orc:2    | Bought a scroll of blinking for 112 gold pieces
 22563 | Orc:2    | Bought a potion of brilliance for 60 gold pieces
 22563 | Orc:2    | Bought a scroll of identify for 30 gold pieces
 22682 | Elf:1    | Entered Level 1 of the Elven Halls
 22687 | Elf:1    | Paralysed by an air elemental for 1 turns
 22690 | Orc:2    | Paralysed by an air elemental for 1 turns
 22730 | Elf:1    | Paralysed by an air elemental for 1 turns
 22860 | Elf:1    | Paralysed by an air elemental for 1 turns
 22869 | Elf:1    | Paralysed by an air elemental for 1 turns
 22978 | Elf:1    | HP: 3/122 [deep elf archer/+0 short sword (12)]
 23979 | Lair:4   | Reached skill level 20 in Unarmed Combat
 23994 | Lair:5   | Noticed Kirke
 24016 | Lair:5   | Reached skill level 1 in Spellcasting
 24164 | Lair:5   | Killed Kirke
 24370 | Lair:5   | Found a staircase to the Slime Pits.
 24541 | Lair:5   | Found a large runed translucent door.
 24542 | Lair:5   | Found a large runed translucent door.
 25151 | Spider:1 | Entered Level 1 of the Spider Nest
 26835 | Spider:1 | Noticed a broodmother
 26890 | Spider:1 | Killed a broodmother
 26891 | Spider:1 | Reached skill level 5 in Spellcasting
 27530 | Spider:1 | Killed a ghost moth
 27531 | Spider:1 | Reached XP level 15. HP: 52/134 MP: 0/26
 28367 | Spider:2 | Noticed Arachne
 28503 | Spider:2 | Noticed Donald
 28514 | Spider:1 | HP: 5/136 [Arachne/staff of poison (5)]
 28515 | Spider:1 | Slain by Arachne

Illustrated notes

Levels and vault maps discovered:
D:1:      psy_arrival_basics, layout_basic
D:2:      layout_basic, basic_altar, kennysheep_jessica_study
D:3:      layout_basic, minmay_misc_feat_iff
D:4:      wander_river, layout_basic, dk_noncrumbling_4, kennysheep_nondescript,
          uniq_robin
D:5:      layout_gridville, minmay_temple_entry_proselytizer,
          minmay_chambers_of_fives, uniq_duvessa
D:6:      minmay_bubble_buster, layout_basic, kennysheep_mini, serial_shops,
          shop, uniq_eustachio
D:7:      layout_basic, hangedman_decor_clover_reticule,
          minmay_misc_feat_more_columns, uniq_prince_ribbit1
D:8:      layout_loops_corners, mainiacjoe_overflow_catwalk_spiral,
          grunt_temple_overflow_open, dpeg_oklobed_lair
D:9:      layout_irregular_city, hangedman_abyss_or_decor_slice,
          grunt_decor_junction, grunt_ministairs_6
D:10:     cheibrodos_helix_gallery, layout_irregular_city,
          mainiacjoe_overflow_surrounded_room, minivault_20
D:11:     layout_long_grid, orc_0_dummy, uniq_urug, uniq_grum, uniq_snorg
Lair:1:   layout_loops_ring, portal_ice_cave_rime, serial_bayou_shore_a,
          infiniplex_staircase_pool
Lair:2:   layout_cave_pods, shoals_dummy_entry, spider_nest_entry_rubble,
          cheibrodos_lair_lostbears, grunt_megastairs_5
Lair:3:   gammafunk_boulding_lane, layout_big_grid
Lair:4:   layout_misc_corridors, uniq_sonja
Lair:5:   cheibrodos_lair_end_hotspot, layout_cave_shapes, slime_entry_1,
          uniq_kirke
Spider:1: layout_spider_delve, nicolae_spider_orb_run
Spider:2: layout_spider_delve, hangedman_spider_tarantella_strand, uniq_arachne,
          uniq_donald
Orc:1:    layout_caves, mines2_david
Orc:2:    st_orc_ogre_mass, layout_diamond_mine, serial_shops,
          nicolae_shop_waterfront, nicolae_volcano_entry_hallway
Elf:1:    nicolae_elf_arrival_aired_out, layout_loops_ring,
          minmay_elf_necromancy, st_stairs_6

Skill      XL: |  1  2  3  4  5  6  7  8  9 10 11 12 13 14 15 |
---------------+----------------------------------------------+-----
Unarmed Combat | 3 4 6 7 9 11 13 15 16 17 19 20 | 20.0
Fighting       | 4 6 8 10 12 13 | 13.2
Transmutations | 3 6 7 8 |  8.0
Spellcasting   | 5 |  5.0
Dodging        | |  1.8
Stealth        | |  4.5

Action                     |  1- 3 |  4- 6 |  7- 9 | 10-12 | 13-15 || total
---------------------------+-------+-------+-------+-------+-------++-------
  Melee: Quarterstaff      |    23 |    13 |       |       |       ||    36
         Unarmed           |       |   187 |   119 |   629 |   863 ||  1798
         Punch             |       |     6 |     7 |       |    21 ||    34
         Short sword       |       |    55 |    85 |    58 |     3 ||   201
         Kick              |       |       |       |     6 |    25 ||    31
         Headbutt          |       |       |       |     4 |    12 ||    16
         Staff             |       |       |       |       |     2 ||     2
         Dagger            |       |       |       |       |     6 ||     6
   Fire: Sling             |       |    25 |    76 |    39 |    80 ||   220
  Throw: Dart              |     6 |    31 |    10 |    41 |    47 ||   135
         Throwing net      |       |       |       |     3 |       ||     3
   Cast: Beastly Appendage |       |       |       |     6 |    10 ||    16
         Wereblood         |       |       |       |     7 |     4 ||    11
         Blade Hands       |       |       |       |       |    25 ||    25
Ability: End Transformatio |       |       |       |       |     1 ||     1
  Evoke: Wand              |       |     1 |     2 |     9 |    11 ||    23
    Use: Potion            |       |     3 |     1 |     4 |     6 ||    14
         Scroll            |       |     1 |     9 |     5 |     9 ||    24
   Stab: Sleeping          |       |     3 |     1 |     1 |     5 ||    10
         Distracted        |       |       |       |     4 |     1 ||     5
         Petrified         |       |       |       |     2 |       ||     2
         Petrifying        |       |       |       |     1 |       ||     1
 Armour: Leather armour    |     5 |     6 |       |       |       ||    11
         Scale mail        |       |    79 |    53 |       |       ||   132
         Steam dragon scal |       |       |     3 |    45 |       ||    48
         Acid dragon scale |       |       |       |    13 |       ||    13
         Troll leather arm |       |       |       |    28 |   149 ||   177
         Ice dragon scales |       |       |       |   117 |   193 ||   310
         Skin              |       |       |       |    20 |     4 ||    24
  Dodge: Dodged            |    15 |   157 |   190 |   250 |   327 ||   939
  Block: Buckler           |       |       |    16 |   144 |   243 ||   403
         Other             |       |       |       |       |    20 ||    20
         Orb               |       |       |       |       |    19 ||    19
         Reflection        |       |       |       |       |     8 ||     8

Table legend: (Time is in decaauts)
 A = Elapsed time spent in this place.
 B = Non-inter-level travel time spent in this place.
 C = Inter-level travel time spent in this place.
 D = Time resting spent in this place.
 E = Time spent auto-exploring this place.
 F = Levels seen in this place.
 G = Mean time per level.
                   A        B        C        D        E       F      G
               +--------+--------+--------+--------+--------+-----+--------+
         Total |  28285 |  26856 |   1429 |   5702 |  13464 |  23 | 1229.8 |
       Dungeon |  13685 |  12986 |    699 |   1907 |   7678 |  11 | 1244.1 |
          Lair |   7808 |   7215 |    593 |   2005 |   3404 |   5 | 1561.6 |
   Spider Nest |   2552 |   2514 |     38 |   1010 |    767 |   2 | 1276.0 |
  Orcish Mines |   2423 |   2326 |     97 |    510 |    959 |   2 | 1211.5 |
   Elven Halls |    330 |    330 |      0 |     11 |    115 |   1 |  330.0 |
      Ice Cave |    888 |    888 |      0 |    210 |    257 |   1 |  888.0 |
       Volcano |    597 |    597 |      0 |     47 |    283 |   1 |  597.0 |
               +--------+--------+--------+--------+--------+-----+--------+

Top non-repeatable levels by time:
  Lair:2: 2835 daAuts
Spider:1: 2547 daAuts
     D:8: 1810 daAuts
     D:5: 1742 daAuts
  Lair:4: 1664 daAuts
   Orc:2: 1663 daAuts
     D:6: 1517 daAuts
     D:9: 1487 daAuts
    D:10: 1460 daAuts
     D:4: 1254 daAuts
  Lair:1: 1237 daAuts
    D:11: 1131 daAuts
  Lair:3: 1036 daAuts
  Lair:5: 1035 daAuts
     D:3: 1003 daAuts
